 Dungeon Crawl Stone Soup version 0.30.0-29-ga12c61a403 (webtiles) character file.

Game seed: 12497348794754278454

11 quinnr the Gusty (level 2, -1/16 HPs)
             Began as a Tengu Air Elementalist on May 31, 2023.
             Slain by an orc wizard
             ... wielding a +0 dagger
              (3 damage)
             ... on level 1 of the Dungeon on June 4, 2023.
             The game lasted 00:04:58 (666 turns).

quinnr the Gusty (Tengu Air Elementalist)            Turns: 666, Time: 00:04:58

Health: -1/16      AC:  2    Str:  8    XL:     2   Next: 29%
Magic:  3/6        EV: 12    Int: 15    God:
Gold:   22         SH:  0    Dex: 14    Spells: 4/5 levels left

rFire   . . .        g - +0 dagger
rCold   . . .        (no shield)
rNeg    . . .        a - +0 robe
rPois   .            (helmet restricted)
rElec   .            (no cloak)
rCorr   .            (no gloves)
SInv    .            (boots unavailable)
Will    .....        k - amulet of reflection
Stlth   +            (no ring)
HPRegen 0.22/turn    (no ring)
MPRegen 0.10/turn

%: reflection
@: confused, flying
A: beak, talons 3
a: no special abilities


You were on level 1 of the Dungeon.
You visited 1 branch of the dungeon, and saw 2 of its levels.

You collected 22 gold pieces.


Innate Abilities, Weirdness & Mutations

You have a beak for a mouth.
You have claws for feet.


   Skills:
 - Level 1.0 Fighting
 - Level 2.1 Dodging
 + Level 2.4 Stealth
 - Level 2.0 Spellcasting
 - Level 2.0 Conjurations
 - Level 4.0 Air Magic


You had 4 spell levels left.
You knew the following spells:

 Your Spells              Type           Power      Damage    Failure   Level
z - Shock                 Conj/Air       40%        1d5       6%          1

Your spell library contained the following spells:

 Spells                   Type           Power      Damage    Failure   Level
 Static Discharge         Conj/Air       20%        2-3/arc   10%         2
 Swiftness                Air            13%        N/A       13%         3
 Airstrike                Air            6%         2d(1-17)  38%         4

Inventory:

Hand Weapons
 g - a +0 dagger (weapon)
Missiles
 h - 3 stones
Armour
 a - a +0 robe (worn)
Jewellery
 k - an amulet of reflection (around neck)
Scrolls
 c - a scroll of fog {unknown}
 e - a scroll of vulnerability {unknown}
 f - a scroll of teleportation {unknown}
Potions
 b - a potion of magic
 d - a potion of heal wounds {unknown}
 i - a potion of haste {unknown}

Dungeon Overview and Level Annotations

Branches:
Dungeon (2/15)

Altars:

Shops:
D:1

: ####....# #..............##
###......## #...............#
##...###..## ##.............>.
####..### #...## #...............
#.....# #.#..# #...............
#.###.#####..#.# #...............
..##.........#.# #...............
.##....▒▒▒...#.###...............
##...▒▒▒⚑▒▒▒..>{@...............#
.....▒8...8▒.######......#.....##
####.▒.▓▒▓.▒.# #.##..########
#.▒.▒2▒.▒.## #.##[###
#.▒.▓▒▓.▒..# #......#
##.▒8...8▒..# ##.÷###.#
###..▒▒▒'▒▒▒..# ##..## #.#
..#....P.P....###..## #.####
<.#...........##..## #....#


There were no monsters in sight!


Message History

Press: ? - help, Shift-Dir - straight line You hear some strange, mumbled words.
You are confused.
Unknown command.
You bump into the rock wall.
Something hits you.
You barely miss something.
You hear some strange, mumbled words.
A magic dart appears from out of thin air!
The magic dart hits you.
* * * LOW HITPOINT WARNING * * *
Unknown command.
You bump into the rock wall.
You hear some strange, mumbled words.
You are more confused.
Unknown command.
You closely miss something. Something hits you.
* * * LOW HITPOINT WARNING * * *
Unknown command.
You bump into the rock wall.
Something hits you.
* * * LOW HITPOINT WARNING * * *
Unknown command.
You completely miss something. Something hits you but does no damage.
Unknown command.
You bump into the rock wall.
Something hits you.
* * * LOW HITPOINT WARNING * * *
Unknown command.
It was a potion of flight.
You feel very buoyant.
You fly up into the air.
Something hits you.
You die...

Skill      XL: |  1  2 |
---------------+-------+-----
Conjurations   | 2 |  2.0
Fighting       | 1 |  1.0
Dodging        | |  2.1
Stealth        | |  2.4
Spellcasting   | |  2.0
Air Magic      | |  4.0

Action                     || total
---------------------------++-------
  Melee: Dagger            ||     3
   Cast: Shock             ||    28
    Use: Potion            ||     1
 Armour: Robe              ||     1
  Dodge: Dodged            ||     5

Levels and vault maps discovered:
D:1:      minmay_arrival_stair_chambers, layout_rooms, serial_shops,
          nicolae_book_shop_shelving, dreamdust_ecumenical_altar_sealed_demon
D:2:      layout_basic, basic_altar, chequers_serial_rivers_micro_a,
          minmay_split_cup_large

Notes
Turn   | Place    | Note
-------+----------+-------------------------------------------
     0 | D:1      | quinnr the Tengu Air Elementalist began the quest for the
                  | Orb.
     0 | D:1      | Reached XP level 1. HP: 10/10 MP: 4/4
     0 | D:1      | Upgraded the game from 0.30.0-19-g36f170ea60 to
                  | 0.30.0-29-ga12c61a403
    14 | D:1      | Found a faded altar of an unknown god.
    14 | D:1      | Noticed a hell beast
   175 | D:1      | Found Rino's Book Emporium.
   384 | D:1      | Reached skill level 2 in Conjurations
   384 | D:1      | Reached XP level 2. HP: 16/16 MP: 1/6
   602 | D:2      | Reached skill level 1 in Fighting
   665 | D:1      | HP: 1/16 [something (4)]
   666 | D:1      | Slain by an orc wizard

Vanquished Creatures
  3 ball pythons (D:1)
  A bat (D:2)
  2 goblins (D:1)
  A hobgoblin (D:1)
  A kobold (D:1)
  2 rats (D:1)
10 creatures vanquished.

Table legend: (Time is in decaauts)
 A = Elapsed time spent in this place.
 B = Non-inter-level travel time spent in this place.
 C = Inter-level travel time spent in this place.
 D = Time resting spent in this place.
 E = Time spent auto-exploring this place.
 F = Levels seen in this place.
 G = Mean time per level.
                   A        B        C        D        E       F      G
               +--------+--------+--------+--------+--------+-----+--------+
         Total |    665 |    645 |     20 |      2 |    528 |   2 |  332.5 |
       Dungeon |    665 |    645 |     20 |      2 |    528 |   2 |  332.5 |
               +--------+--------+--------+--------+--------+-----+--------+

Top non-repeatable levels by time:
     D:1: 614 daAuts
     D:2: 51 daAuts

Table legend:
 A = Non-vault XP
 B = Vault XP
 C = Vault XP percentage of total XP
 D = Non-vault monster count
 E = Vault monster count
 F = Vault count percentage of total count
                 A         B        C        D         E       F
            +---------+---------+-------+---------+---------+-------
      Total |      17 |       0 |   0.0 |      10 |       0 |   0.0
            +---------+---------+-------+---------+---------+-------
        D:1 |      15 |       0 |   0.0 |       9 |       0 |   0.0
        D:2 |       2 |       0 |   0.0 |       1 |       0 |   0.0
            +---------+---------+-------+---------+---------+-------

Levels and vault maps discovered:
D:1:      minmay_arrival_stair_chambers, layout_rooms, serial_shops,
          nicolae_book_shop_shelving, dreamdust_ecumenical_altar_sealed_demon
D:2:      layout_basic, basic_altar, chequers_serial_rivers_micro_a,
          minmay_split_cup_large
